AoeStats
← Pwncakes

Pilgrims

507494676Analyzed
3v3 RM · 14d ago on Sep 18, 2026· 35m 12s· 6 players
Game mode
Random Map
Map size
Normal (6 player)
Population
200
Speed
Normal
Resources
Standard
Victory
Conquest
Starting age
Dark Age
Ending age
Imperial Age
RankedLock teamsTeams togetherTeam positionsShared explorationLock speedFull tech treeHidden civsTurbo modeCheats
Victory
Defeat
🇵🇪 Turks · Peru
1388
+14
1309
+18
🇦🇷 Maya · Argentina
1309
+18
🇩🇪 Aztecs · Germany
1378
-18
🇪🇸 Dravidians · Spain
1352
-17
🇺🇸 Khitans · United States
1318
-15
Demon Backpack // Varela
5:12 Loom
10:15 Feudal Age
10:56 Double-Bit Axe
15:24 Fletching
15:34 Padded Archer Armor
22:53 Horse Collar
26:33 Castle Age
26:23 Wheelbarrow
26:00 Forging
26:07 Gold Mining
27:24 Bow Saw
27:16 Heavy Plow
27:23 Scale Barding Armor
28:47 Iron Casting
31:02 Bloodlines
30:52 Husbandry
Lanzarote
3:56 Loom
12:28 Feudal Age
18:17 Castle Age
17:28 Double-Bit Axe
17:23 Horse Collar
20:10 Fletching
20:21 Padded Archer Armor
22:20 Bow Saw
23:16 Gold Mining
36:06 Wheelbarrow
Dr. Kenzo Tenma
12:03 Feudal Age
12:32 Loom
13:52 Double-Bit Axe
16:11 Castle Age
17:20 Bow Saw
17:02 Fletching
21:33 Padded Archer Armor
31:01 Leather Archer Armor
31:53 Horse Collar
Pwncakes
4:35 Loom
11:02 Feudal Age
13:32 Forging
16:51 Castle Age
16:00 Scale Barding Armor
20:55 Town Watch
28:29 Double-Bit Axe
VaultBoy
4:05 Loom
12:06 Feudal Age
13:27 Fletching
14:16 Double-Bit Axe
19:59 Castle Age
19:25 Gold Mining
20:47 Bodkin Arrow
21:06 Medium Warships
21:41 Bow Saw
21:12 Horse Collar
24:11 Padded Archer Armor
24:43 Heavy Plow
25:28 Ballistics
29:10 Husbandry
30:21 Fishing Lines
32:13 Town Watch
33:04 Wheelbarrow
Oh Bossom
5:09 Loom
11:18 Feudal Age
16:12 Fletching
17:30 Wheelbarrow
20:22 Castle Age
20:16 Gold Mining
21:16 Medium Warships
21:14 Double-Bit Axe
22:02 Eagle Warrior
22:58 Bow Saw
23:28 Scale Mail Armor
28:52 Horse Collar
30:02 Fishing Lines
33:23 Heavy Plow
Connection lost

Rejoining the realm…

Still unreachable

The connection could not be restored.

Session expired

The server has moved on; the page needs a fresh start.